 Dungeon Crawl Stone Soup version 0.22-a0-363-g29407c6 (webtiles) character file.

22972 b5mith the Warrior (level 12, -2/124 HPs)
             Began as a Minotaur Berserker on Apr 21, 2018.
             Was a High Priest of Trog.
             Slain by a vault guard
             ... wielding a +0 great mace
              (19 damage)
             ... on level 14 of the Dungeon.
             The game lasted 00:34:18 (13544 turns).

b5mith the Warrior (Minotaur Berserker)            Turns: 13544, Time: 00:34:18

Health: -2/124     AC: 10    Str: 27    XL:     12   Next: 67%
Magic:  11/11      EV: 13    Int:  4    God:    Trog [*****.]
Gold:   698        SH:  0    Dex: 10    Spells: 11/11 levels left

rFire    + . .     SeeInvis .   a - +4 lajatang "Liquozod" {slice, rF+ rN+}
rCold    + . .     Gourm    .   (shield currently unavailable)
rNeg     + . .     Faith    .   C - +1 ring mail of the Heavens {Slay+2}
rPois    .         Spirit   .   (helmet restricted)
rElec    .         Reflect  .   q - +2 cloak {+Inv}
rCorr    .         Harm     +   (no gloves)
MR       .....                  (no boots)
Stlth    ..........             B - amulet of harm
HPRegen  0.30/turn              s - ring of protection from cold
MPRegen  0.12/turn              (no ring)

@: lethally poisoned (-2 -> -6), about to teleport, berserk cooldown, slowed,
very slow
A: retaliatory headbutt, horns 2
a: Berserk, Trog's Hand, Brothers in Arms, Renounce Religion, Evoke Invisibility


You were on level 14 of the Dungeon.
You worshipped Trog.
Trog was extremely pleased with you.
You were not hungry.

You visited 1 branch of the dungeon, and saw 14 of its levels.
You also visited: Ossuary.

You collected 698 gold pieces.

Inventory:

Hand Weapons
 a - the +4 lajatang "Liquozod" (weapon) {slice, rF+ rN+}
   (Trog gifted it to you on level 10 of the Dungeon)

   It inflicts extra damage upon your enemies.
   It protects you from fire.
   It protects you from negative energy.
 b - a +2 hunting sling of flaming
   (You took it off Joseph on level 7 of the Dungeon)
 k - a +0 hunting sling
   (You found it on level 1 of the Dungeon)
 l - a +3 quarterstaff of chaos
   (You took it off Crazy Yiuf on level 3 of the Dungeon)
 o - a +0 spear of piercing
   (You found it on level 1 of the Dungeon)
 u - a +0 mace
 X - a +2 antimagic lajatang
   (Trog gifted it to you on level 13 of the Dungeon)
Missiles
 v - 42 sling bullets
 E - 2 throwing nets
 Q - 18 tomahawks (quivered)
Armour
 q - a +2 cloak of invisibility (worn)
   (You took it off Crazy Yiuf on level 3 of the Dungeon)
 C - the +1 ring mail of the Heavens (worn) {Slay+2}
   (You found it on level 5 of the Dungeon)

   It affects your accuracy and damage with ranged weapons and melee attacks
   (+2).
Jewellery
 s - a ring of protection from cold (left hand)
   (You found it on level 3 of the Dungeon)
 B - an amulet of harm (around neck)
   (You found it on level 5 of the Dungeon)
 W - an uncursed amulet of the acrobat
   (You found it on level 8 of the Dungeon)
Wands
 p - a wand of digging (31)
   (You found it on level 3 of the Dungeon)
 z - a wand of disintegration (16)
   (You found it on level 4 of the Dungeon)
 L - a wand of iceblast (40)
   (You found it on level 5 of the Dungeon)
 N - a wand of polymorph (8)
   (You took it off Eustachio on level 5 of the Dungeon)
 O - a wand of random effects (21)
   (You found it on level 6 of the Dungeon)
 P - a wand of paralysis (14)
   (You took it off Maurice on level 12 of the Dungeon)
Scrolls
 e - 4 scrolls of immolation
 f - a scroll of enchant armour
 h - 5 scrolls of teleportation
 n - 7 scrolls of remove curse {@r2}
 y - a scroll of fog {unknown}
 D - 2 scrolls of magic mapping {unknown}
 H - 2 scrolls of enchant weapon {unknown}
 I - 3 scrolls of random uselessness {unknown}
 K - 2 scrolls of blinking
 M - 2 scrolls of fear {unknown}
 S - a scroll of summoning {unknown}
 V - a scroll of vulnerability {unknown}
 Y - 2 scrolls of identify {@r1}
Potions
 d - 3 potions of berserk rage
 g - 4 potions of heal wounds
 i - 6 potions of curing {@q1}
 j - a potion of cancellation {unknown}
 m - 2 potions of flight {unknown}
 r - a potion of ambrosia {unknown}
 t - 2 potions of haste {unknown}
 w - 5 potions of lignification
 x - 2 potions of might
 A - a potion of invisibility {unknown}
 F - 3 potions of mutation {!q}
 G - 2 potions of brilliance {unknown}
 J - 2 potions of agility
 R - 2 potions of resistance {unknown}
Miscellaneous
 U - a lamp of fire
   (You found it on level 10 of the Dungeon)
Comestibles
 c - 31 rations
 T - a chunk of flesh


   Skills:
 + Level 16.5 Fighting
 - Level 4.4(11.4) Maces & Flails
 - Level 5.2(11.7) Polearms
 - Level 15.8(16.2) Staves
 + Level 5.2 Armour
 + Level 4.8 Dodging


You had 11 spell levels left.
You didn't know any spells.

Dungeon Overview and Level Annotations

Branches:
Dungeon (14/15)            Temple (0/1) D:5            Lair (0/6) D:9
    Orc (0/2) D:9          Vaults (0/5) D:14

Altars:
Fedhas
Gozag
Sif Muna
Vehumet
Zin
Beogh

Shops:
D:5 ?   D:12 *


Innate Abilities, Weirdness & Mutations

You reflexively headbutt those who attack you in melee.
You have a pair of horns on your head.


Message History

The vault guard hits you with a halberd of venom.
* * * LOW HITPOINT WARNING * * *
You are more poisoned.
The vault guard closely misses you.
You barely miss the vault guard. You headbutt the vault guard!
The vault guard is heavily wounded.
You feel sick.
You feel sick. The vault guard barely misses you.
The vault guard hits you from afar with a halberd of venom.
* * * LOW HITPOINT WARNING * * *
You are more poisoned.
You hit the vault guard. You headbutt the vault guard!
The vault guard is heavily wounded.
You feel sick.
You slice the vault guard!! Your headbutt misses the vault guard.
The vault guard is severely wounded.
You feel sick.
The vault guard hits you but does no damage. x2
You closely miss the vault guard. You headbutt the vault guard.
The vault guard is almost dead.
You feel sick. The vault guard misses you.
You slash the vault guard!
You kill the vault guard!
Trog accepts your kill.
Your Armour skill increases to level 5!
You feel sick.
You feel sick.
You feel a strong urge to attack something.
You feel sick.
You feel sick.
You see here a scale mail.
You feel your anger nearly subside.
You are no longer berserk.
You are exhausted.
You feel yourself slow down.
You feel sick.
You feel sick.
The vault guard hits you but does no damage.
You feel sick.
The vault guard hits you from afar with a vampiric glaive!
* * * LOW HITPOINT WARNING * * *
You feel sick.
You feel sick.
You feel sick.
The vault guard hits you with a great mace!
* * * LOW HITPOINT WARNING * * *
As you read the scroll of teleportation, it crumbles to dust.
You feel strangely unstable.
You feel sick.
The vault guard hits you from afar with a vampiric glaive.
* * * LOW HITPOINT WARNING * * *
The vault guard hits you with a great mace!
You die...

#####............##
.#.............)..##
...................#
....#..............#
.####..............# .#
#..............### #. .#
#................## ##.# .#
#...............O.## #...#
##
#...........@pp##..####..#..
#.......รท......ps[c........
##.............##Dc.....#
#............####.....##
##..........## ##(..##
##...####..## ##s## #####
#...## #D..a.#
##...##.#c..#.# ###....#
Z.... #


You could see 3 vault guards, an acid dragon, an ogre, 2 centaurs and a
scorpion.

Vanquished Creatures
  The ghost of Johno the Brawler, a journeyman TrMo of Jiyva (D:12)
  Erolcha (D:12)
  A vault guard (D:14)
  A centaur warrior (D:13)
  2 two-headed ogres
  Nergalle (D:10)
  2 unseen horrors
  2 ugly things
  A deep elf mage (D:12)
  A manticore (D:14)
  Maurice (D:12)
  Joseph (D:7)
  3 gargoyles
  A spiny frog (shapeshifter) (D:12)
  5 trolls
  A hornet (shapeshifter) (D:13)
  A hornet (D:13)
  4 slime creatures (D:12)
  8 hippogriffs
  A wraith (D:13)
  A shadow (D:13)
  Eustachio (D:5)
  A spriggan (D:7)
  2 water elementals (D:13)
  3 yaks (D:12)
  2 steam dragons (D:10)
  Menkaure (D:7)
  3 water moccasins
  Duvessa (D:4)
  9 orc warriors
  2 ice beasts
  A hornet zombie (D:9)
  4 sky beasts
  3 ogres
  A phantom (D:5)
  A necrophage (D:10)
  2 eyes of draining
  4 wolves (D:9)
  3 centaurs
  A crocodile (D:11)
  A big kobold (D:14)
  A bullfrog (shapeshifter) (D:4)
  9 bullfrogs
  A water moccasin zombie (D:10)
  9 scorpions
  4 electric eels
  8 howler monkeys
  6 centaur zombies
  4 crimson imps
  A bullfrog zombie (D:9)
  10 hounds
  3 jellies
  4 centaur skeletons
  6 orc priests
  Crazy Yiuf (D:3)
  2 iguanas
  7 orc wizards
  3 bullfrog skeletons
  Jessica (D:3)
  Terence (D:3)
  Natasha (twice) (D:2)
  9 worker ants
  A big kobold zombie (Ossuary)
  4 mummies
  A hound skeleton (D:4)
  A worker ant zombie (D:8)
  14 adders
  3 river rats (D:3)
  5 scorpion zombies (Ossuary)
  3 shadow imps
  2 worms (D:3)
  5 dart slugs
  2 leopard geckos
  47 orcs
  2 giant cockroaches
  A gnoll zombie (Ossuary)
  9 goblins
  8 hobgoblins
  11 jackals
  6 quokkas
  2 ball pythons
  12 bats
  6 frilled lizards
  3 hobgoblin zombies
  14 kobolds
  3 kobold zombies
  2 orc zombies (Ossuary)
  12 rats
357 creatures vanquished.

Notes
Turn   | Place    | Note
-------+----------+-------------------------------------------
     0 | D:1      | b5mith the Minotaur Berserker began the quest for the Orb.
     0 | D:1      | Reached XP level 1. HP: 19/19 MP: 0/0
    90 | D:1      | Reached skill level 4 in Fighting
    90 | D:1      | Reached XP level 2. HP: 27/27 MP: 1/1
   297 | D:1      | Reached ** piety under Trog
   464 | D:1      | Reached XP level 3. HP: 33/34 MP: 2/2
   669 | D:1      | Reached skill level 1 in Polearms
   912 | D:2      | Noticed Natasha
   919 | D:2      | Killed Natasha
   919 | D:2      | Reached XP level 4. HP: 41/41 MP: 3/3
   979 | D:2      | Found a faded altar of an unknown god.
  1190 | D:2      | Reached skill level 5 in Fighting
  1410 | D:2      | Noticed Natasha
  1416 | D:2      | Killed Natasha
  1416 | D:2      | Reached XP level 5. HP: 30/48 MP: 4/4
  1725 | D:3      | Noticed Jessica
  1729 | D:3      | Killed Jessica
  1853 | D:3      | Noticed Terence
  1861 | D:3      | Killed Terence
  2137 | D:3      | Found a glowing silver altar of Zin.
  2245 | D:3      | Found a runed door.
  2528 | D:3      | Reached XP level 6. HP: 36/57 MP: 5/5
  2543 | D:3      | Reached skill level 5 in Polearms
  2794 | D:3      | Noticed Crazy Yiuf
  2803 | D:3      | Killed Crazy Yiuf
  2876 | D:4      | Reached *** piety under Trog
  2996 | D:4      | Reached skill level 1 in Staves
  3070 | D:4      | Reached skill level 6 in Fighting
  3230 | D:4      | Noticed Duvessa
  3230 | D:4      | Noticed Dowan
  3239 | D:4      | Killed Duvessa
  3240 | D:4      | Dowan changed into Dowan the bullfrog
  3241 | D:4      | Reached XP level 7. HP: 22/64 MP: 6/6
  3723 | D:4      | Found an opulent altar of Gozag.
  3926 | D:5      | Entered Level 5 of the Dungeon
  3993 | D:5      | Found a radiant altar of Vehumet.
  4072 | D:5      | Got a crude ring mail
  4087 | D:5      | Reached skill level 7 in Fighting
  4087 | D:5      | Reached skill level 5 in Staves
  4181 | D:5      | Found a sand-covered staircase.
  4187 | Ossuary  | Entered an ossuary
  4205 | Ossuary  | Identified the cursed +1 ring mail of the Heavens {Slay+2} (You found it on level 5 of the Dungeon)
  4409 | Ossuary  | Reached XP level 8. HP: 70/73 MP: 7/7
  4453 | Ossuary  | Reached **** piety under Trog
  4805 | D:5      | Noticed Eustachio
  4807 | D:5      | Found a staircase to the Ecumenical Temple.
  4830 | D:5      | Killed Eustachio
  4830 | D:5      | Reached skill level 8 in Fighting
  5039 | D:5      | Found Azauzic's Magic Scroll Shop.
  5476 | D:6      | Reached skill level 9 in Fighting
  5901 | D:6      | Reached XP level 9. HP: 74/84 MP: 8/8
  6186 | D:7      | Noticed Menkaure
  6190 | D:7      | Killed Menkaure
  6209 | D:7      | Noticed Joseph
  6223 | D:7      | Reached skill level 10 in Fighting
  6227 | D:7      | Killed Joseph
  6418 | D:7      | Reached skill level 10 in Staves
  7000 | D:8      | Reached skill level 11 in Fighting
  7544 | D:9      | Noticed a troll
  7551 | D:9      | Killed a troll
  7551 | D:9      | Reached XP level 10. HP: 67/96 MP: 9/9
  7570 | D:9      | Reached ***** piety under Trog
  7608 | D:9      | Reached skill level 12 in Fighting
  7878 | D:9      | Found a staircase to the Lair.
  8170 | D:9      | Found a roughly hewn altar of Beogh.
  8175 | D:9      | Found a staircase to the Orcish Mines.
  8755 | D:10     | Entered Level 10 of the Dungeon
  8759 | D:10     | Found a deep blue altar of Sif Muna.
  8769 | D:10     | Reached skill level 13 in Fighting
  9025 | D:10     | Noticed Nergalle
  9039 | D:10     | Killed Nergalle
  9305 | D:10     | Received a gift from Trog
  9310 | D:10     | Got a crude lajatang {god gift}
  9311 | D:10     | Identified the +4 lajatang "Liquozod" {slice, rF+ rN+} (Trog gifted it to you on level 10 of the Dungeon)
  9328 | D:10     | Noticed a two-headed ogre
  9334 | D:10     | Killed a two-headed ogre
  9334 | D:10     | Reached XP level 11. HP: 107/107 MP: 10/10
 10332 | D:11     | Reached skill level 14 in Fighting
 10630 | D:11     | You fall through a shaft!
 10658 | D:12     | Killed an unseen horror
 10898 | D:12     | Noticed Johno's ghost (journeyman TrMo)
 10910 | D:12     | Killed Johno's ghost
 11148 | D:12     | Noticed Erolcha
 11156 | D:12     | Killed Erolcha
 11156 | D:12     | Reached skill level 15 in Fighting
 11485 | D:12     | Reached skill level 15 in Staves
 11564 | D:12     | Found Uhoot's Serpentskin Sales.
 11624 | D:12     | Noticed a deep elf mage
 11625 | D:12     | Noticed Maurice
 11629 | D:12     | Paralysed by Maurice for 4 turns
 11638 | D:12     | Killed Maurice
 11640 | D:12     | Killed a deep elf mage
 11726 | D:12     | Noticed a white ugly thing
 11733 | D:12     | Killed a white ugly thing
 11733 | D:12     | Reached XP level 12. HP: 77/121 MP: 11/11
 12100 | D:13     | Noticed a centaur warrior
 12112 | D:13     | Killed a centaur warrior
 12137 | D:13     | Received a gift from Trog
 12807 | D:13     | Reached skill level 16 in Fighting
 12833 | D:13     | Found a blossoming altar of Fedhas.
 13279 | D:14     | Noticed a two-headed ogre
 13287 | D:14     | Killed a two-headed ogre
 13519 | D:14     | Found a gate to the Vaults.
 13519 | D:14     | Noticed a vault guard
 13519 | D:14     | Noticed a vault guard
 13519 | D:14     | Noticed a vault guard
 13520 | D:14     | Noticed a vault guard
 13534 | D:14     | Killed a vault guard
 13534 | D:14     | Reached skill level 5 in Armour
 13544 | D:14     | Slain by a vault guard

Vault maps used:
D:1:      nicolae_arrival_somewhat_less_tricky_arrival
D:2:      chequers_ecumenical_altar_island, uniq_natasha
D:3:      zin_academy, portal_sewer_entry_e, dk_vineyard_1, uniq_jessica,
          uniq_crazy_yiuf_cottage, uniq_terence
D:4:      first_ration, st_stairs_5, grunt_gozag_breadcrumbs, uniq_duvessa
D:5:      temple_fountains, basic_altar, nicolae_ossuary_entry_giza,
          serial_shops, shop, uniq_eustachio
D:7:      the_bakery, uniq_menkaure, uniq_joseph
D:8:      kennysheep_generic_room_13
D:9:      erik_lair_island, david_orc_5
D:10:     led_sif_book, uniq_nergalle
D:12:     guppyfry_shop_venom, uniq_frances, uniq_erolcha, uniq_maurice
D:13:     basic_altar
D:14:     lightli_vaults_fourway_checkpoint, corexii_corridor_pit, uniq_urug
Ossuary:  ossuary_minmay_scorpions

Skill      XL: |  1  2  3  4  5  6  7  8  9 10 11 12 |
---------------+-------------------------------------+-----
Fighting       | 4 5 6 7 9 11 13 15 16 | 16.5
Maces & Flails | 4 |  4.4
Polearms       | 2 3 4 5 |  5.2
Staves         | 3 6 9 11 13 15 | 15.8
Armour         | 5 |  5.2
Dodging        | 4 |  4.8

Action                   |  1- 3 |  4- 6 |  7- 9 | 10-12 || total
-------------------------+-------+-------+-------+-------++-------
Melee: Mace              |    37 |       |       |       ||    37
       Headbutt          |     5 |    20 |    30 |    47 ||   102
       Spear             |    37 |   147 |       |       ||   184
       Quarterstaff      |       |    34 |   204 |    81 ||   319
       Lajatang          |       |       |       |   135 ||   135
       Hunting sling     |       |       |       |     1 ||     1
 Fire: Hunting sling     |       |       |    49 |   244 ||   293
Invok: Berserk           |       |     1 |       |     2 ||     3
  Use: Scroll            |       |       |     8 |     7 ||    15
       Potion            |       |       |     4 |       ||     4
 Stab: Sleeping          |       |     2 |       |       ||     2
       Invisible         |       |     3 |       |       ||     3
       Paralysed         |       |       |     2 |       ||     2
  Eat: Chunk             |       |     8 |    10 |    17 ||    35
       Ration            |       |       |     1 |     1 ||     2
Armor: Animal skin       |     9 |     9 |       |       ||    18
       Ring mail         |       |     9 |    54 |    82 ||   145
       Skin              |       |       |     1 |       ||     1
Dodge: Dodged            |    31 |    73 |    84 |   100 ||   288

Table legend:
 A = Spawn XP
 B = Non-spawn XP
 C = Spawn XP percentage of total XP
 D = Spawn monster count
 E = Non-spawn monster count
 F = Spawn count percentage of total count
 G = Total turns spent on level
                    A         B        C        D         E        F      G
               +---------+---------+-------+---------+---------+-------+---------
         Total |       0 |   32818 |   0.0 |       0 |     357 |   0.0 | 13544
               +---------+---------+-------+---------+---------+-------+---------
           D:1 |       0 |      58 |   0.0 |       0 |      31 |   0.0 |   790
           D:2 |       0 |     162 |   0.0 |       0 |      18 |   0.0 |   896
           D:3 |       0 |     217 |   0.0 |       0 |      37 |   0.0 |  1150
           D:4 |       0 |     461 |   0.0 |       0 |      19 |   0.0 |  1090
           D:5 |       0 |     621 |   0.0 |       0 |      15 |   0.0 |   884
           D:6 |       0 |     750 |   0.0 |       0 |      13 |   0.0 |   811
           D:7 |       0 |    1271 |   0.0 |       0 |      16 |   0.0 |   698
           D:8 |       0 |     733 |   0.0 |       0 |      14 |   0.0 |   653
           D:9 |       0 |    4058 |   0.0 |       0 |      61 |   0.0 |  1268
          D:10 |       0 |    2985 |   0.0 |       0 |      20 |   0.0 |  1223
          D:11 |       0 |    1699 |   0.0 |       0 |      16 |   0.0 |   652
          D:12 |       0 |    8402 |   0.0 |       0 |      32 |   0.0 |  1453
          D:13 |       0 |    6520 |   0.0 |       0 |      24 |   0.0 |  1196
          D:14 |       0 |    4268 |   0.0 |       0 |      17 |   0.0 |   265
       Ossuary |       0 |     613 |   0.0 |       0 |      24 |   0.0 |   515
               +---------+---------+-------+---------+---------+-------+---------
